 Dungeon Crawl Stone Soup version 0.18.1-5-g4a78601 (webtiles) character file.

89 Mefis the Magician (level 4, 0/24 HPs)
             Began as a Deep Elf Wizard on May 12, 2016.
             Killed from afar by an orc (8 damage)
             ... on level 3 of the Dungeon.
             The game lasted 00:05:33 (3402 turns).

Mefis the Magician (Deep Elf Wizard)                Turns: 3402, Time: 00:05:34

Health: 0/24       AC:  2    Str:  4    XL:     4   Next: 31%
Magic:  2/13       EV: 13    Int: 24    God:
Gold:   52         SH:  0    Dex: 13    Spells: 6 memorised, 0 levels left

rFire  . . .     SeeInvis .     e - +0 dagger
rCold  . . .     Gourm    .     a - +0 robe
rNeg   . . .     Faith    .     (no shield)
rPois  .         Spirit   .     b - +0 hat
rElec  .         Dismiss  .     (no cloak)
rCorr  .         Reflect  .     (no gloves)
SustAt .         Harm     .     (no boots)
MR     .....                    (no amulet)
Stlth  ++........               (no ring)
                                (no ring)

@: very slightly contaminated, not resistant to hostile enchantments, unstealthy
A: no striking features
a: no special abilities


You were on level 3 of the Dungeon.
You were not hungry.

You visited 1 branch of the dungeon, and saw 3 of its levels.

You collected 52 gold pieces.

Inventory:

Hand Weapons
 e - a +0 dagger (weapon)
Missiles
 i - 54 sling bullets
Armour
 a - a +0 robe (worn)
 b - a +0 hat (worn)
Scrolls
 f - a scroll of recharging {unknown}
 g - a scroll of remove curse {unknown}
 h - 2 scrolls of fear {unknown}
 l - 2 scrolls of teleportation {unknown}
 n - a scroll of noise {unknown}
 p - a scroll of identify {unknown}
 t - a scroll of magic mapping {unknown}
 u - a scroll of random uselessness {unknown}
Potions
 j - a potion of cancellation {unknown}
 k - 2 potions of curing {unknown}
 m - a potion of heal wounds {unknown}
 o - a potion of mutation {unknown}
 q - a potion of haste {unknown}
Books
 c - a book of Minor Magic

   Spells                             Type                      Level
   a - Magic Dart                     Conjuration                  1
   b - Blink                          Translocation                2
   c - Call Imp                       Summoning                    2
   d - Repel Missiles                 Charms/Air                   2
   e - Slow                           Hexes                        2
   f - Conjure Flame                  Conjuration/Fire             3
   g - Mephitic Cloud                 Conjuration/Poison/Air       3
Comestibles
 d - a bread ration
 r - a chunk of flesh
 s - a slice of pizza


   Skills:
 + Level 3.0 Dodging
 + Level 2.8 Stealth
 + Level 5.4 Spellcasting
 * Level 2.1 Conjurations
 + Level 2.0 Summonings
 - Level 1.1 Translocations
 + Level 0.4 Fire Magic
 + Level 0.7 Poison Magic


You couldn't memorise any spells.
You knew the following spells:

 Your Spells              Type           Power        Failure   Level  Hunger
a - Magic Dart            Conj           ###.         3%          1    None
b - Call Imp              Summ           ###.....     8%          2    None
c - Blink                 Tloc           N/A          12%         2    None
d - Repel Missiles        Chrm/Air       #.....       14%         2    None
e - Mephitic Cloud        Conj/Pois/Air  ##......     21%         3    #......
f - Conjure Flame         Conj/Fire      ##......     17%         3    #......


Dungeon Overview and Level Annotations

Branches:
Dungeon (3/15)

Altars:
Yredelemnul
Zin


Message History

Aim: an orc, wielding a mace You miscast Magic Dart.
You are very lightly contaminated with residual magic.
Nothing appears to happen.
The orc throws an exploding tomahawk.
The exploding tomahawk hits you but does no damage.
The exploding tomahawk explodes!
The explosion of tomahawk fragments engulfs you!
Casting: Magic Dart
Confirm with . or Enter, or press ? or * to list all spells.
Aiming: Magic Dart
Press: ? - help, Shift-Dir - straight line, f/p - orc
Aim: an orc, wielding a mace The magic dart hits the orc.
The orc is almost dead.
The orc throws a stone.
The stone barely misses you.
The orc throws an exploding tomahawk.
The exploding tomahawk hits you but does no damage.
The exploding tomahawk explodes!
The explosion of tomahawk fragments engulfs you!
You die...

.............>...........
.###.....###..))....o....
.##..P.P...##.(##........
......_........ #......!.
##...P.P.####. #...#....
##......# ## #.#......
###..#.########.# %.
##.#.......#..##...o
#.#........@)......
#.#.<.......###....
#...........# o
##..........#
##.........# #.........#
#.........# #.........#
#.........#


You could see an orc priest and 2 orcs.

Vanquished Creatures
  2 adders
  A worm (D:2)
  5 dart slugs
  4 giant geckos
  A giant cockroach (D:3)
  8 hobgoblins
  A ball python (D:2)
  7 bats
  A giant newt (D:2)
  8 goblins
  6 kobolds
  14 rats
58 creatures vanquished.

Vanquished Creatures (collateral kills)
  A giant newt (D:2)
1 creature vanquished.

Grand Total: 59 creatures vanquished

Notes
Turn   | Place    | Note
--------------------------------------------------------------
     0 | D:1      | Mefis the Deep Elf Wizard began the quest for the Orb.
     0 | D:1      | Reached XP level 1. HP: 10/10 MP: 7/7
   307 | D:1      | Reached XP level 2. HP: 9/15 MP: 1/9
   424 | D:1      | Learned a level 2 spell: Call Imp
   427 | D:1      | Learned a level 2 spell: Blink
   430 | D:1      | Learned a level 2 spell: Repel Missiles
   668 | D:1      | Reached skill level 5 in Spellcasting
  1103 | D:1      | Reached XP level 3. HP: 19/19 MP: 7/11
  1108 | D:1      | Learned a level 3 spell: Mephitic Cloud
  1338 | D:1      | You fall through a shaft!
  2578 | D:2      | Reached XP level 4. HP: 24/24 MP: 10/13
  2660 | D:2      | Learned a level 3 spell: Conjure Flame
  2903 | D:2      | Found a glowing silver altar of Zin.
  3146 | D:3      | Found a basalt altar of Yredelemnul.
  3278 | D:3      | Found a faded altar to an unknown god.
  3402 | D:3      | Killed from afar by an orc

Skill      XL: |  1  2  3  4 |
---------------+-------------+-----
Spellcasting   | 5 |  5.4
Conjurations   | 2 |  2.1
Dodging        | 3 |  3.0
Summonings     | 2 |  2.0
Stealth        | |  2.8
Translocations | |  1.1
Fire Magic     | |  0.4
Poison Magic   | |  0.7

Action                   |  1- 3 |  4- 6 || total
-------------------------+-------+-------++-------
Melee: Unarmed           |     2 |       ||     2
       Dagger            |     1 |       ||     1
 Cast: Magic Dart        |   105 |    30 ||   135
       Repel Missiles    |     1 |       ||     1
       Call Imp          |     3 |       ||     3
       Mephitic Cloud    |       |     1 ||     1
 Stab: Sleeping          |     1 |       ||     1
  Eat: Chunk             |     1 |     2 ||     3
       Bread ration      |     1 |       ||     1
Armor: Robe              |     3 |       ||     3
Dodge: Dodged            |    10 |     2 ||    12
       Deflected         |     2 |       ||     2
